 Dungeon Crawl Stone Soup version 0.31-a0-1611-g890cdf5628 (webtiles) character file.

Game seed: 60653830784028648

1122 bobo the Caller (level 8, 0/64 HPs)
             Began as a Merfolk Summoner on Jan 9, 2024.
             Succumbed to a water moccasin's poison
             ... on level 5 of the Dungeon.
             The game lasted 00:19:20 (5123 turns).

bobo the Caller (Merfolk Summoner)                  Turns: 5123, Time: 00:19:21

Health: 0/64       AC:  3    Str: 10    XL:     8   Next: 35%
Magic:  12/15      EV: 12    Int: 15    God:
Gold:   159        SH:  0    Dex: 14    Spells: 3/17 levels left

rFire   . . .        q - +2 short sword (drain)
rCold   . . .        (no shield)
rNeg    . . .        a - +0 robe
rPois   .            g - +0 helmet
rElec   .            (no cloak)
rCorr   .            (no gloves)
SInv    .            (no boots)
Will    +....        (no amulet)
Stlth   ++           k - ring of willpower
HPRegen 0.30/turn    (no ring)
MPRegen 0.14/turn

%: no passive effects
@: lethally poisoned (0 -> -4), inugami summoned
A: (nimble swimmer 2), mertail
a: no special abilities


You were on level 5 of the Dungeon.
You visited 1 branch of the dungeon, and saw 5 of its levels.

You collected 159 gold pieces.

Inventory:

Hand Weapons
 q - a +2 short sword of draining (weapon)
Missiles
 c - 2 poisoned darts
Armour
 a - a +0 robe (worn)
 g - a +0 helmet (worn)
 s - a +0 pair of boots
Jewellery
 k - a ring of willpower (left hand)
Talismans
 r - a blade talisman
Wands
 p - a wand of digging (5)
Scrolls
 e - a scroll of fear
 h - a scroll of fog
 l - a scroll of noise
 m - a scroll of silence
 u - a scroll of revelation
Potions
 b - a potion of magic
 d - a potion of resistance
 i - a potion of brilliance
 j - a potion of enlightenment


   Skills:
 + Level 5.7 Fighting
 - Level 2.6 Dodging
 - Level 2.1 Stealth
 + Level 5.2 Spellcasting
 + Level 6.6 Summonings
 + Level 0.9 Fire Magic
 + Level 1.0 Air Magic


You had 3 spell levels left.
You knew the following spells:

 Your Spells              Type           Power      Damage    Failure   Level
a - Summon Small Mammal   Summ           92%        N/A       1%          1
d - Call Canine Familiar  Summ           23%        N/A       3%          3
q - Summon Lightning Spi  Summ/Air       15%        N/A       32%         4
s - Call Imp              Summ           46%        N/A       1%          2
x - Summon Blazeheart Go  Fire/Summ      15%        N/A       32%         4

Your spell library contained the following spells:

 Spells                   Type           Power      Damage    Failure   Level
 Static Discharge         Conj/Air       10%        3-4/arc   19%         2
 Airstrike                Air            3%         2d(1-17)  71%         4


Dungeon Overview and Level Annotations

Branches:
Dungeon (5/15)
 Temple: D:4-7

Altars:

Shops:
D:4 :

Annotations:
D:3 2 runed translucent doors, Azoth's ghost, amateur OpSh


Innate Abilities, Weirdness & Mutations

((You are very nimble when in or above water. (Stealth+, EV+, Speed+++)))
Your lower body shifts to a powerful aquatic tail in water.


Message History

The water moccasin bites your inugami but does no damage.
Your cerulean imp barely misses the water moccasin.
Your inugami closely misses the water moccasin.
As you read the scroll of summoning, it crumbles to dust.
Wisps of shadow whirl around you...
* * * LOW HITPOINT WARNING * * *
You feel very sick.
The water moccasin closely misses your inugami.
Your inugami misses the water moccasin.
Unknown command.
You swap places.
* * * LOW HITPOINT WARNING * * *
You feel very sick. The water moccasin bites your inugami.
Your cerulean imp hits the water moccasin but does no damage.
The water moccasin bites your cerulean imp.
Your orc wizard barely misses the water moccasin.
Your orc misses the water moccasin. Your inugami hits the water moccasin.
* * * LOW HITPOINT WARNING * * *
You feel very sick. The water moccasin bites your inugami.
Your cerulean imp hits the water moccasin but does no damage.
Your orc hits the water moccasin with a +0 hand axe!
Your black bear bites the water moccasin!
The water moccasin dies!
Your life force feels restored.
Your Air Magic skill increases to level 1!
You feel protected.
* * * LOW HITPOINT WARNING * * *
You feel sick.
Your magical effects are unravelling.
You feel magically purged.
Your resistance to elements expires.
* * * LOW HITPOINT WARNING * * *
You feel sick.
Okay, then.
Okay, then.
As you read the scroll of noise, it crumbles to dust.
You hear a loud clanging noise!
You die...

......#. ### ## ........
#.##.###........
##............... #..?.#
..##.. ###...###. . #...
###.oo...#... ......
##..5hh....#.......#.
###...@oo##.......#..##
##......o...#.#....##...
#...##.....##.#.........
#.....)............#.##.
#...##..)..##........>..
#.. ##....#............
#. #....)............. #
#..................
##..##..#....>.....


You could see a friendly black bear (summoned), a friendly orc wizard
(summoned), a friendly cerulean imp (summoned), 4 friendly orcs and a friendly
inugami (summoned).

Vanquished Creatures
  An ogre (D:3)
  A scorpion (D:5)
  A hound (D:2)
  2 iguanas (D:5)
  2 sleepcaps (D:5)
  An adder (D:5)
  A ribbon worm (D:2)
  A dart slug (D:1)
  2 orcs
  2 endoplasms
  A giant cockroach (D:3)
  3 goblins
  3 hobgoblins
  5 jackals (D:5)
  2 kobolds
  A quokka (D:1)
  5 ball pythons
  3 bats
  3 frilled lizards
  3 rats
43 creatures vanquished.

Vanquished Creatures (collateral kills)
  Menkaure (D:4)
  A water moccasin (D:5)
  An ice beast (D:5)
  3 wights (D:5)
  5 hounds
  2 jellies
  An iguana (D:4)
  3 adders
  4 dart slugs
  4 ribbon worms (D:2)
  5 orcs
  4 endoplasms
  A giant cockroach (D:4)
  5 goblins
  3 hobgoblins
  2 jackals (D:5)
  A quokka (D:5)
  3 ball pythons (D:1)
  3 frilled lizards
  3 kobolds
  2 rats (D:1)
57 creatures vanquished.

Grand Total: 100 creatures vanquished

Notes
Turn   | Place    | Note
-------+----------+-------------------------------------------
     0 | D:1      | bobo the Merfolk Summoner began the quest for the Orb.
     0 | D:1      | Reached XP level 1. HP: 13/13 MP: 3/3
   141 | D:1      | Reached XP level 2. HP: 20/20 MP: 1/5
   146 | D:1      | Learned a level 2 spell: Call Imp
   197 | D:1      | Reached skill level 1 in Fighting
   420 | D:1      | Reached XP level 3. HP: 13/26 MP: 2/6
   647 | D:1      | Learned a level 3 spell: Call Canine Familiar
   746 | D:1      | Found a faded altar of an unknown god.
  1601 | D:3      | Reached XP level 4. HP: 33/33 MP: 5/8
  2214 | D:3      | Reached XP level 5. HP: 34/39 MP: 6/9
  2632 | D:3      | Found a large runed translucent door.
  2632 | D:3      | Found a large runed translucent door.
  2636 | D:3      | Noticed Azoth's ghost (amateur OpSh)
  2726 | D:4      | Noticed an ogre
  2726 | D:4      | Found Ulaudghu's Vocational Training.
  2855 | D:3      | Killed an ogre
  2856 | D:3      | Reached skill level 5 in Summonings
  3058 | D:4      | Reached XP level 6. HP: 12/47 MP: 6/11
  3574 | D:4      | Noticed Menkaure
  3593 | D:4      | Killed Menkaure
  3594 | D:4      | Reached XP level 7. HP: 4/54 MP: 4/13
  3888 | D:5      | Entered Level 5 of the Dungeon
  4074 | D:5      | Reached skill level 6 in Summonings
  4198 | D:5      | Reached skill level 5 in Fighting
  4418 | D:5      | Learned a level 4 spell: Summon Blazeheart Golem
  4423 | D:5      | Learned a level 4 spell: Summon Lightning Spire
  4778 | D:5      | Reached XP level 8. HP: 58/62 MP: 10/15
  4834 | D:5      | Reached skill level 5 in Spellcasting
  5121 | D:5      | Reached skill level 1 in Air Magic
  5121 | D:5      | HP: 2/64 [poisoned by a water moccasin]
  5123 | D:5      | Succumbed to a water moccasin's poison

Illustrated notes

Levels and vault maps discovered:
D:1:      tarquinn_simple_flora_water_f, layout_rooms,
          hellmonk_ecumenical_altar_defaced_shrine, minivault_24
D:2:      layout_basic
D:3:      layout_loops_cross, ebering_ghost_disaster_area, grunt_ministairs_7
D:4:      layout_cave_pools, st_stairs_4, nicolae_shop_vocational, uniq_menkaure
D:5:      nicolae_cairo_tiling_large_dashed, layout_cave_pools,
          grunt_decor_fettered

Skill      XL: |  1  2  3  4  5  6  7  8 |
---------------+-------------------------+-----
Fighting       | 1 2 3 4 5 |  5.7
Spellcasting   | 3 4 5 |  5.2
Summonings     | 5 6 |  6.6
Air Magic      | 1 |  1.0
Dodging        | |  2.6
Stealth        | |  2.1
Fire Magic     | |  0.9

Action                     |  1- 3 |  4- 6 |  7- 9 || total
---------------------------+-------+-------+-------++-------
  Melee: Whip              |    74 |    37 |       ||   111
         Unarmed           |     4 |       |       ||     4
         Short sword       |       |    17 |    71 ||    88
         Punch             |       |       |     1 ||     1
  Throw: Dart              |       |     2 |     1 ||     3
   Cast: Summon Small Mamm |    21 |    10 |     2 ||    33
         Call Imp          |    17 |    17 |    16 ||    50
         Call Canine Famil |       |    12 |    13 ||    25
    Use: Scroll            |       |     7 |     4 ||    11
         Potion            |       |     1 |     4 ||     5
   Stab: Distracted        |     2 |       |     3 ||     5
 Armour: Robe              |    39 |    49 |    49 ||   137
         Skin              |       |     1 |       ||     1
  Dodge: Dodged            |    42 |    52 |    53 ||   147

Table legend: (Time is in decaauts)
 A = Elapsed time spent in this place.
 B = Non-inter-level travel time spent in this place.
 C = Inter-level travel time spent in this place.
 D = Time resting spent in this place.
 E = Time spent auto-exploring this place.
 F = Levels seen in this place.
 G = Mean time per level.
                   A        B        C        D        E       F      G
               +--------+--------+--------+--------+--------+-----+--------+
         Total |   5133 |   4866 |    267 |    537 |   3226 |   5 | 1026.6 |
       Dungeon |   5133 |   4866 |    267 |    537 |   3226 |   5 | 1026.6 |
               +--------+--------+--------+--------+--------+-----+--------+

Top non-repeatable levels by time:
     D:3: 1267 daAuts
     D:5: 1234 daAuts
     D:2: 954 daAuts
     D:4: 878 daAuts
     D:1: 798 daAuts
